 Dungeon Crawl Stone Soup version 0.16.1-7-g2c6721e (webtiles) character file.

74 Econoterrorist the Poker (level 4, -5/33 HPs)
             Began as a Merfolk Skald on Mar 29, 2015.
             Killed from afar by an orc priest (28 damage)
             ... with a wand of draining
             ... on level 3 of the Dungeon.
             The game lasted 00:09:17 (2288 turns).

Econoterrorist the Poker (Merfolk Skald)            Turns: 2288, Time: 00:09:18

Health: -5/33      AC:  4    Str: 12    XL:     4   Next: 28%
Magic:  7/7        EV: 16    Int: 12    God:
Gold:   149        SH:  0    Dex: 13    Spells: 3 memorised, 1 level left

rFire  . . .     SeeInvis .     a - +0 spear
rCold  . . .     Clarity  .     b - +0 leather armour
rNeg   . . .     SustAb   .     (no shield)
rPois  .         Gourm    .     (no helmet)
rElec  .         Spirit   .     (no cloak)
rCorr  .         Warding  .     r - +0 pair of gloves
rMut   .         Stasis   .     (no boots)
MR     .....                    (no amulet)
Stlth  +.........               (no ring)
                                f - +6 ring of evasion

@: confused, very slightly contaminated, heavily drained, not resistant to
hostile enchantments, very unstealthy
A: change form in water, swift swim
a: no special abilities


You were on level 3 of the Dungeon.
You were not hungry.

You visited 1 branch of the dungeon, and saw 3 of its levels.

You collected 149 gold pieces.

Inventory:

Hand weapons
 a - a +0 spear (weapon)
Armour
 b - a +0 leather armour (worn)
 r - a +0 pair of gloves (worn)
Jewellery
 f - a +6 ring of evasion (left hand)
Scrolls
 e - 2 scrolls of teleportation {unknown}
 h - a scroll of enchant armour {unknown}
 l - 2 scrolls of fog {unknown}
 m - a scroll of fear {unknown}
 n - a scroll of remove curse {unknown}
 o - a scroll of random uselessness {unknown}
 q - a scroll of identify {unknown}
Potions
 i - a potion of ambrosia
 j - a potion of agility {unknown}
 k - a potion of poison {unknown}
Books
 c - a book of Battle

   Spells                             Type                      Level
   a - Infusion                       Charms                       1
   b - Shroud of Golubria             Charms/Translocation         2
   c - Song of Slaying                Charms                       2
   d - Spectral Weapon                Hexes/Charms                 3
   e - Regeneration                   Charms/Necromancy            3
Comestibles
 d - 2 bread rations
 g - 2 slices of pizza
 p - a meat ration


   Skills:
 - Level 2.1(0.6) Fighting
 + Level 6.4(4.7) Polearms
 - Level 0.6(0.0) Armour
 - Level 1.3(0.0) Dodging
 - Level 2.0(0.4) Spellcasting
 - Level 3.2(1.7) Charms


You had one spell level left.
You knew the following spells:

 Your Spells              Type           Power        Failure   Level  Hunger
a - Infusion              Chrm           #.....       24%         1    ##.....
b - Shroud of Golubria    Chrm/Tloc      #.........   54%         2    ###....
c - Spectral Weapon       Hex/Chrm       #.......     89%         3    ####...


Dungeon Overview and Level Annotations

Branches:
Dungeon (3/15)

Altars:
Ashenzari
Gozag
Nemelex Xobeh


Message History

You are confused.
You feel invigorated. The orc priest barely misses you.
You swing at nothing.
The orc priest hits you with a mace.
You swing at nothing.
The orc priest zaps a wand.
The bolt of negative energy hits you!
You feel drained. The orc priest misses you.
You swing at nothing.
The orc priest closely misses you.
You swing at nothing.
The orc priest hits you but does no damage.
You swing at nothing.
The orc priest's eyes start to glow. x2
You hit the orc priest but do no damage.
The orc priest is moderately wounded.
The orc priest barely misses you.
The orc priest mumbles some strange prayers to Beogh against you.
Something smites you!
You swing at nothing.
The orc priest zaps a wand.
The bolt of negative energy hits you!
You feel drained.
Ouch! That really hurt!
You die...

#.....#..#
####........#
#...........###
#.##..........#
#.##......(.#.#
#.###.#†#.###.#
#...#.#.....#.####
###.#.###........#
#.#.# #.######@#
#.#.# #.# #oo#
#.#.###+### ##o#
##'#.......# oo
#..........# ...
#.........(# # .##.
#.........†##.#...#..
##+#######......_..
........<#..#...#


You could see 2 orc priests, an orc wizard and 2 orcs.

Vanquished Creatures
  An adder (D:2)
  A worm (D:3)
  An ooze (D:1)
  4 giant cockroaches
  3 hobgoblins
  7 bats
  A giant gecko (D:2)
  A giant newt (D:2)
  6 goblins
  10 jackals
  15 kobolds
  8 rats
58 creatures vanquished.

Vanquished Creatures (others)
  A kobold (D:2)
1 creature vanquished.

Grand Total: 59 creatures vanquished

Notes
Turn   | Place    | Note
--------------------------------------------------------------
     0 | D:1      | Econoterrorist, the Merfolk Skald, began the quest for the Orb.
     0 | D:1      | Reached XP level 1. HP: 16/16 MP: 3/3
   325 | D:1      | Reached skill level 4 in Polearms
   325 | D:1      | Reached XP level 2. HP: 20/22 MP: 0/4
   823 | D:1      | Reached skill level 5 in Polearms
   823 | D:1      | Reached XP level 3. HP: 27/27 MP: 6/6
   874 | D:1      | Learned a level 2 spell: Shroud of Golubria
   878 | D:1      | Learned a level 3 spell: Spectral Weapon
  1104 | D:2      | Found a sparkling altar of Nemelex Xobeh.
  1634 | D:2      | Reached skill level 6 in Polearms
  1773 | D:2      | Reached XP level 4. HP: 33/33 MP: 7/7
  1976 | D:2      | Found a shattered altar of Ashenzari.
  2050 | D:3      | Found an opulent altar of Gozag.
  2288 | D:3      | Killed from afar by an orc priest

Action                   |  1- 3 |  4- 6 || total
-------------------------+-------+-------++-------
Melee: Spear             |   173 |    57 ||   230
 Cast: Infusion          |     6 |       ||     6
       Shroud of Golubri |     1 |       ||     1
  Use: Potion            |       |     1 ||     1
  Eat: Chunk             |     3 |     2 ||     5
